Description

this build is for myself. This is counter of lings all-in. It likes lings all-in but, no metabolic boost. Defend my base with lings and Queens, and counter the cheese.

If enemy builds standard 2 hatchery order, this build gets early map-control. Use early map-control to expand economy and counter opponent movement.

VOD

https://www.youtube.com/watch?v=T6p_LEc1BE8

Build Order

Get SALT Encoding   

  12  0:00  Drone  
  13  0:21  Spawning Pool  
  12  0:28  Drone x2  
  13  0:43  Extractor  for Supply limit(cancel after make drone)
  14  0:47  Overlord, Drone  dont use larves (use these for lings)
  14  1:14  Hatchery  
  13  1:21  Zergling x5  scout enemy base
  18  1:34  Queen  
Spawning Tool Build Advisor. Get it on Overwolf

Analysis

After this build, scout enemy base. If enemy builds lings all-in, make more lings and queens and build spine crawler.

Go to:

Details

  • Created by: gloco17
  • Published on: Mar 10, 2018
  • Modified on: Mar 10, 2018
  • Patch: 4.0.0
Show
View Real Time Build Order
Export as new Build Order

Comments (1)

On March 11, 2018, 6:17 p.m., The_Twitcher13  said:

i like it because i love lings!!! <3 <3 <3

Create an account to comment!